 Dungeon Crawl Stone Soup version bcrawl-1.40.3b (webtiles) character file.

Game seed: 3083959143834372875

360353 PlayerOfArmor the Severer (level 10, -9/78 HPs)
             Began as a Minotaur Fighter on Mar 23, 2024.
             Was a Follower of Ru.
             Impaled on a porcupine's spines (10 damage)
             ... on level 2 of the Lair of Beasts.
             The game lasted 00:15:49 (7815 turns).

PlayerOfArmor the Severer (Minotaur Fighter)        Turns: 7815, Time: 00:15:49

Health: -9/78      AC: 13    Str: 31    XL:     10   Next: 63%
Magic:  9/9        EV:  3    Int:  5    God:    Ru [*.....]
Gold:   409        SH: 15    Dex: 10    Spells: 9/9 levels left

rFire    . . .     GDR:     28% A - +1 broad axe "Lifebane" {freeze, rN++}
rCold    . . .     SeeInvis .   c - +0 medium shield
rNeg     + + .     Gourm    .   q - +1 plate armour
rPois    .         Faith    .   (helmet restricted)
rElec    .         Spirit   .   b - scarf {clouds}
rCorr    .         Reflect  +   (no gloves)
MR       .....                  (no boots)
Stlth    ..........             g - +5 amulet of reflection
HPRegen  0.23/turn              n - +4 ring of slaying
MPRegen  0.11/turn              r - +7 ring of strength

@: sluggish, very slow
A: retaliatory headbutt, horns 2, hated by all
a: Renounce Religion, Evoke Fog


You were on level 2 of the Lair of Beasts.
You worshipped Ru.
Ru was aware of your devotion.
You were not hungry.

You visited 3 branches of the dungeon, and saw 12 of its levels.
You also visited: Sewer.

You collected 721 gold pieces.
You spent 312 gold pieces at shops.

Inventory:

Hand Weapons
 A - the +1 broad axe "Lifebane" (weapon) {freeze, rN++}
   (You bought it in a shop on level 5 of the Dungeon)

   It has been specially enchanted to freeze those struck by it, increasing
   damage dealt by approximately one third against foes not resistant or
   susceptible to cold, and potentially slowing cold-blooded foes.
   It greatly protects you from negative energy.
Missiles
 h - a throwing net {=f}
Armour
 b - a scarf of clouds (worn)
 c - a +0 medium shield (worn)
 q - a +1 plate armour (worn)
Jewellery
 f - an uncursed ring of see invisible
 g - a +5 amulet of reflection (around neck)
 n - a +4 ring of slaying (left hand)
 r - a +7 ring of strength (right hand)
 u - the ring "Zoheatsi" {Ice rPois}
   (You found it on level 3 of the Dungeon)

   [ring of ice]

   It enhances your ice magic.
   It makes you vulnerable to fire.
   It protects you from cold.
   It protects you from poison.
 D - a +4 ring of evasion {unknown}
 F - an uncursed ring of positive energy
Wands
 w - a wand of clouds (6)
Scrolls
 e - 4 scrolls of remove curse
 i - 3 scrolls of identify
 k - 3 scrolls of enchant weapon
 s - a scroll of blinking
 t - a scroll of enchant armour
 y - a scroll of immolation
Potions
 a - a potion of invisibility {unknown}
 d - 3 potions of might
 j - 2 potions of mutation
 l - 2 potions of flight
 m - 2 potions of lignification
 o - 3 potions of berserk rage {unknown}
 v - 4 potions of curing
 x - 4 potions of heal wounds
 C - a potion of haste {unknown}
Comestibles
 p - 28 rations {!d}
 z - 4 chunks of flesh


   Skills:
 - Level 3.8 Fighting
 + Level 17.3 Axes
 - Level 6.0 Armour
 - Level 3.6 Shields


You had 9 spell levels left.
You didn't know any spells.
Your spell library contained the following spells:

 Spells                   Type           Power        Failure   Level  Hunger
 Magic Dart               Conj           #...         100%        1    None
 Searing Ray              Conj           #.......     100%        2    ####...
 Confuse                  Hex            #.......     100%        3    #####..
 Dazzling Orbs            Conj/Hex       #......      100%        3    #####..
 Iskenderun's Mystic Bla  Conj           #.......     100%        3    #####..
 Fulminant Prism          Conj/Hex       #.........   100%        4    ######.
 Petrify                  Tmut/Erth      #.........   100%        4    ######.
 Yara's Violent Unravell  Hex/Tmut       #.........   100%        4    ######.
 Irradiate                Conj/Tmut      #.........   100%        5    #######
 Silence                  Hex/Air        #.........   100%        5    #######
 Blight                   Necr/Pois      #........    100%        7    #######


Dungeon Overview and Level Annotations

Branches:
Dungeon (9/12)             Temple (1/1) D:7            Lair (2/6) D:9
    Orc (0/1) D:8
  Swamp: Lair:2-4    Shoals: Lair:2-4     Snake: Lair:2-4    Spider: Lair:2-4

Altars:
Ashenzari
Cheibriados
Dithmenos
Elyvilon
Gozag
Kikubaaqudgha
Lugonu
Makhleb
Nemelex Xobeh
Okawaru
Qazlal
Ru
Sif Muna
Trog
Uskayaw
Vehumet
Wu Jian
Xom
Zin
The Shining One

Shops:
D:5 *(!!*   D:8 }

Annotations:
D:5 3 runed translucent doors, lastchild's ghost, novice HuWn
D:6 1 runed door
D:9 3 runed translucent doors, dscm's ghost, novice OpAc


Innate Abilities, Weirdness & Mutations

You reflexively headbutt those who attack you in melee.
You have a pair of horns on your head.
You are hated by all.


Message History

You block the porcupine's attack.
You miss the porcupine. Your headbutt misses the porcupine.
The porcupine is almost dead.
The porcupine bites you!
* * * LOW HITPOINT WARNING * * *
You barely miss the porcupine.
The porcupine is almost dead.
The porcupine barely misses you. You furiously retaliate!
You headbutt the porcupine!
You kill the porcupine!
You start resting.
Eating one of 5 chunks of flesh.
You eat one of the 5 chunks of flesh.
This raw flesh tastes terrible.
A porcupine comes into view.
The porcupine bites you.
* * * LOW HITPOINT WARNING * * *
You are struck by the porcupine's spines.
* * * LOW HITPOINT WARNING * * *
You barely miss the porcupine. You block the porcupine's attack.
You are struck by the porcupine's spines.
You die...

.. .... #. ....
##.. .....
.#...## # .....
/.....P#.......
........#....%.
...............
......r@...#
...........#
.###.......#
##...#...P
...........
............
....... .....
..............


You could see a porcupine.

Vanquished Creatures
  A hydra (D:8)
  Pikel (D:5)
  A deep elf mage (D:8)
  Joseph (D:7)
  2 komodo dragons
  2 cane toads
  A hippogriff (D:6)
  2 wyverns (Lair:1)
  A hungry ghost (D:8)
  3 crocodiles
  2 porcupines
  An orc warrior (D:8)
  2 sky beasts
  An ice beast (D:7)
  2 slaves (D:5)
  2 ogres
  2 bullfrogs
  4 centaurs
  A scorpion (D:8)
  An electric eel (Lair:1)
  2 howler monkeys
  3 crimson imps
  3 bullfrog zombies
  A hound (D:4)
  3 orc wizards
  3 iguanas
  5 worker ants
  A hound zombie (D:6)
  2 hound skeletons
  2 worker ant zombies
  7 gnolls
  10 adders
  4 river rats (D:5)
  A shadow imp (D:8)
  14 oozes
  An adder skeleton (D:8)
  4 worms
  4 dart slugs
  11 leopard geckos
  28 orcs
  10 giant cockroaches
  5 goblins
  7 hobgoblins (D:1)
  7 jackals
  8 kobolds
  5 quokkas
  9 ball pythons
  7 bats
  14 frilled lizards
  12 rats
226 creatures vanquished.

Vanquished Creatures (others)
  A slave (D:5)
  A centaur (D:7)
  A crimson imp (D:5)
  A jackal (D:5)
  A plant (Lair:1)
5 creatures vanquished.

Grand Total: 231 creatures vanquished

Notes
Turn   | Place    | Note
-------+----------+-------------------------------------------
     0 | D:1      | PlayerOfArmor the Minotaur Fighter began the quest for the
                  | Orb.
     0 | D:1      | Reached XP level 1. HP: 19/19 MP: 0/0
   114 | D:1      | Reached skill level 3 in Axes
   124 | D:1      | Reached XP level 2. HP: 26/26 MP: 1/1
   232 | D:1      | Reached skill level 4 in Axes
   268 | D:1      | Reached XP level 3. HP: 31/31 MP: 2/2
   694 | D:2      | Found a glowing golden altar of the Shining One.
   694 | D:2      | Found a shimmering altar of Xom.
  1265 | D:2      | Found an ornate altar of the Wu Jian Council.
  1290 | D:2      | Reached XP level 4. HP: 31/39 MP: 3/3
  1400 | D:2      | Found a blossoming altar of Fedhas.
  1751 | D:3      | Noticed a sky beast
  1768 | D:3      | Killed a sky beast
  1769 | D:3      | Reached XP level 5. HP: 46/46 MP: 4/4
  1799 | D:3      | Got a faintly glowing marble ring
  1923 | D:3      | Identified the ring "Zoheatsi" {Ice rPois} (You found it on
                  | level 3 of the Dungeon)
  1936 | D:3      | Reached skill level 5 in Axes
  2130 | D:3      | Found a corrupted altar of Lugonu.
  2164 | D:3      | Reached XP level 6. HP: 52/52 MP: 5/5
  2206 | D:3      | Found a bloodstained altar of Trog.
  2399 | D:3      | Reached skill level 6 in Axes
  2596 | D:4      | Noticed a sky beast
  2605 | D:4      | Killed a sky beast
  2606 | D:4      | Reached skill level 7 in Axes
  2813 | D:4      | Reached XP level 7. HP: 52/58 MP: 6/6
  3128 | D:5      | Entered Level 5 of the Dungeon
  3143 | D:5      | Reached skill level 8 in Axes
  3156 | D:5      | Noticed Pikel
  3171 | D:5      | Killed Pikel
  3172 | D:5      | Reached skill level 10 in Axes
  3172 | D:5      | Reached XP level 8. HP: 52/66 MP: 7/7
  3332 | D:5      | Found a glowing drain.
  3339 | Sewer    | Entered a sewer
  3627 | Sewer    | Reached skill level 11 in Axes
  3881 | D:5      | Found Voqall's Distillery.
  3885 | D:5      | Found Fear's Assorted Antiques.
  3890 | D:5      | Bought an ichor-stained broad axe for 207 gold pieces
  3890 | D:5      | Identified the cursed +1 broad axe "Lifebane" {freeze,
                  | rN++} (You bought it in a shop on level 5 of the Dungeon)
  3901 | D:5      | Bought a potion of curing for 30 gold pieces
  3980 | D:5      | Found a hide-covered altar of Uskayaw.
  3986 | D:5      | Found Jan Aloajili's Weapon Boutique.
  4054 | D:5      | Found a hide-covered altar of Uskayaw.
  4090 | D:5      | Found a shadowy altar of Dithmenos.
  4122 | D:5      | Found Wupum's General Store.
  4151 | D:5      | Found Zecwume's Distillery.
  4173 | D:5      | Bought a potion of heal wounds for 75 gold pieces
  4263 | D:5      | Found a white marble altar of Elyvilon.
  4331 | D:5      | Found a runed translucent gate.
  4331 | D:5      | Found a runed translucent gate.
  4331 | D:5      | Noticed lastchild's ghost (novice HuWn)
  4332 | D:5      | Found a runed translucent gate.
  4681 | D:6      | Reached skill level 12 in Axes
  4889 | D:6      | Noticed a hippogriff
  4895 | D:6      | Killed a hippogriff
  5112 | D:6      | Found a runed door.
  5402 | D:7      | Reached XP level 9. HP: 71/71 MP: 8/8
  5445 | D:7      | Found a staircase to the Ecumenical Temple.
  5446 | D:7      | Noticed Joseph
  5453 | D:7      | Killed Joseph
  5454 | D:7      | Reached skill level 13 in Axes
  5462 | Temple   | Entered the Ecumenical Temple
  5620 | Temple   | Became a worshipper of Ru the Awakened
  6299 | D:8      | Reached skill level 14 in Axes
  6463 | D:8      | Found a staircase to the Orcish Mines.
  6508 | D:8      | Found Hoabu's Gadget Boutique.
  6803 | D:8      | Noticed an eight-headed hydra
  6804 | D:8      | Gained mutation: You are hated by all. [Ru sacrifice]
  6804 | D:8      | Reached * piety under Ru
  6813 | D:8      | Killed an eight-headed hydra
  6814 | D:8      | Reached skill level 15 in Axes
  6868 | D:8      | Noticed a deep elf mage
  6879 | D:8      | Killed a deep elf mage
  6880 | D:8      | Reached XP level 10. HP: 18/78 MP: 9/9
  7436 | D:9      | Found a runed translucent gate.
  7436 | D:9      | Found a runed translucent gate.
  7436 | D:9      | Found a runed translucent gate.
  7436 | D:9      | Noticed dscm's ghost (novice OpAc)
  7458 | D:9      | Found a staircase to the Lair.
  7471 | D:9      | Reached skill level 16 in Axes
  7489 | Lair:1   | Entered Level 1 of the Lair of Beasts
  7635 | Lair:1   | Noticed a cane toad
  7640 | Lair:1   | Killed a cane toad
  7714 | Lair:1   | Noticed an eight-headed hydra
  7790 | Lair:2   | Noticed a cane toad
  7798 | Lair:2   | Reached skill level 17 in Axes
  7799 | Lair:2   | Killed a cane toad
  7804 | Lair:2   | HP: 3/78 [porcupine (11)]
  7814 | Lair:2   | HP: 1/78 [porcupine's spines (4)]
  7815 | Lair:2   | Impaled on a porcupine's spines

Skill      XL: |  1  2  3  4  5  6  7  8  9 10 |
---------------+-------------------------------+-----
Axes           | 3 4 5 7 10 12 15 17 | 17.3
Armour         | 4 6 |  6.0
Fighting       | |  3.8
Shields        | |  3.6

Action                   |  1- 3 |  4- 6 |  7- 9 | 10-12 || total
-------------------------+-------+-------+-------+-------++-------
Melee: War axe           |   115 |   141 |   192 |       ||   448
       Headbutt          |    11 |    16 |    36 |     5 ||    68
       Broad axe         |       |       |   116 |    42 ||   158
Invok: Sacrifice Love    |       |       |     1 |       ||     1
Evoke: Wand              |       |       |     1 |     5 ||     6
  Use: Scroll            |       |     1 |    16 |       ||    17
       Potion            |       |       |       |     3 ||     3
  Eat: Chunk             |     5 |    10 |    24 |     4 ||    43
Armor: Scale mail        |    45 |       |       |       ||    45
       Plate armour      |    12 |    69 |   121 |    33 ||   235
Dodge: Dodged            |    16 |    19 |    21 |     7 ||    63
Block: Medium shield     |    76 |   135 |   229 |    26 ||   466
       Reflection        |     1 |     2 |    17 |       ||    20
